Aethelred, chaotic male elven Wizard ---- --..| |...----------- |.............- --.<.------- ---.@.| ---h- .. ... .... ...| ...G .... G.... ....h ...... ......- G.....h --...... .|..- ----- Aethelred the Conjurer Experience level: 3 Strength: 9 Dexterity: 15 Constitution: 12 Intelligence: 17 Wisdom: 10 Charisma: 11 Health: 0(20) Energy: 29(29) Def: 1 Gold: 217 Moves: 1081 Dungeon seed: 7VHPZi83AmowG6rE Game ID: Aethelred_1616064832 Your Inventory: Coins $ - 217 gold pieces Weapons a - a blessed +2 quarterstaff (weapon in hands) u - a +0 elven dagger x - a cursed -1 dagger z - 5 +0 darts Armor e - an uncursed +0 cloak of magic resistance (being worn) Comestibles v - an uncursed carrot Scrolls i - an uncursed scroll of magic mapping q - a cursed scroll of remove curse t - an uncursed scroll of enchant weapon Spellbooks l - a blessed spellbook of force bolt m - an uncursed spellbook of protection y - an uncursed spellbook of jumping Potions f - an uncursed potion of gain ability g - an uncursed potion of fruit juice h - a potion of holy water Rings c - an uncursed ring of polymorph d - an uncursed ring of shock resistance (on left hand) p - an uncursed ring of slow digestion (on right hand) r - an uncursed ring of levitation Wands b - a wand of slow monster (0:4) s - a wand of light (0:11) Tools n - an uncursed blindfold o - an uncursed wooden flute w - an uncursed tin whistle Spells and supernatural/magical abilities: Name Level Category Fail Memory a - force bolt 1 attack 0% 95% p - protection 1 clerical 0% 95% W - pray for help -- divine ? -- Your skills at the end: Fighting Skills Weapon Skills quarterstaff [Basic] Spellcasting Skills attack spells [Basic] enchantment spells [Basic] Final Attributes: You were piously aligned. You were shock resistant. You were magic-protected. You had infravision. You had slower digestion. You are dead. Vanquished creatures: 2 hobbits 2 gnomes 2 geckos 4 jackals a fox a kobold a goblin 2 grid bugs a lichen a kobold zombie 4 newts 21 creatures vanquished. Voluntary challenges: You were an atheist. You used a wielded weapon 18 times, starting on turn 8. You read items or engraved 2 times, starting on turn 1. You never genocided any monsters. You never polymorphed an object. You never changed form. You used no wishes. You never split a pudding. You never wrote Elbereth's name. You never violated your personal moral code. Dungeon overview: The Dungeons of Doom: levels 1 to 3 Level 1 a fountain a long staircase Level 2 Level 3 stairs to The Gnomish Mines The Gnomish Mines: Level 4 <- You were here stairs to The Dungeons of Doom History has recorded: On T:1 you entered the Dungeons of Doom to retrieve the Amulet of Yendor! On T:269 you reached level 2 of The Dungeons of Doom. On T:571 you advanced to experience level 2. On T:787 you reached level 3 of The Dungeons of Doom. On T:983 you advanced to experience level 3. On T:1060 you reached level 1 of The Gnomish Mines. Score breakdown: Gold: 217 ( 7954 points) Experience: 3 levels ( 7878 points) Exploration: 4 levels ( 8.16%) ( 7500 points) Discoveries: 0 items ( 0.00%) ( 0 points) Valuables value: (no points given unless you survive) Artifact value: 0 ( 0 points) Variety of kills: 11 monsters ( 2.89%) ( 5097 points) Turncount: 1081 turns ( 0 points) Survival: died (score multiplied by 80%) Total score: 22743 Latest messages: You are hit by a dart. There is a long staircase up here. You see here a dart. You hear some noises in the distance. You hear a mumbled curse. The gnome hits! You miss the gnome. (2x) The gnome hits! You kill the gnome! You see here 4 darts. z - 4 darts. You displace Qwerty. There is a long staircase up here. You see here a dart. z - a dart. The mind flayer hits! The mind flayer's tentacles suck you! Your brain is eaten! You feel very stupid! The mind flayer's tentacles suck you! Your brain is eaten! You feel stupid! The mind flayer's tentacles suck you! You die... Final status: Goodbye Aethelred the Wizard, killed by a mind flayer... You died in The Gnomish Mines on dungeon level 4 with 22743 points, and 217 pieces of gold, after 1081 moves. You were level 3 with a maximum of 20 hit points when you died.